 Dungeon Crawl Stone Soup version 0.31.0 (webtiles) character file.

Game seed: 4241392915259909469

5 Esekla the Sneak (level 1, -2/16 HPs)
             Began as an Octopode Delver on Jan 19, 2024.
             Slain by an ufetubus (5 damage)
             ... on level 5 of the Dungeon.
             The game lasted 00:01:27 (75 turns).

Esekla the Sneak (Octopode Delver)                    Turns: 75, Time: 00:01:27

Health: -2/16      AC:  1    Str: 11    XL:     1   Next: 80%
Magic:  1/1        EV: 13    Int: 12    God:
Gold:   11         SH:  0    Dex: 13    Spells: 0/0 levels left

rFire   . . .        a - +0 falchion
rCold   . . .        (no shield)
rNeg    . . .        (helmet restricted)
rPois   .            (no amulet)
rElec   .            g - +4 ring of slaying
rCorr   .            (no ring)
SInv    .            (no ring)
Will    .....        (no ring)
Stlth   ++++         (no ring)
HPRegen 0.22/turn    (no ring)
MPRegen 0.07/turn    (no ring)
                     (no ring)

%: no passive effects
@: no status effects
A: almost no armour, amphibious, 8 rings, camouflage 1, gelatinous body 1,
(nimble swimmer 1), tentacles
a: no special abilities


You were on level 5 of the Dungeon.
You visited 1 branch of the dungeon, and saw 1 of its levels.

You collected 11 gold pieces.

Inventory:

Hand Weapons
 a - a +0 falchion (weapon)
Jewellery
 g - a +4 ring of slaying (left tentacle)
Wands
 f - a wand of digging (3)
Scrolls
 b - a scroll of fog
 c - a scroll of blinking {unknown}
 d - a scroll of fear
Potions
 e - a potion of haste


   Skills:
 + Level 3.0 Fighting
 + Level 2.0 Long Blades
 + Level 2.0 Dodging
 + Level 6.9 Stealth


You couldn't memorise any spells.
You didn't know any spells.
Your spell library was empty.

Dungeon Overview and Level Annotations

Branches:
Dungeon (5/15)
 Temple: D:4-7

Altars:


Innate Abilities, Weirdness & Mutations

You cannot wear most types of armour.
You are amphibious.
You can wear up to eight rings at the same time.
Your skin changes colour to match your surroundings (Stealth+).
Your rubbery body absorbs attacks. (AC +1, EV +1)
((You are camouflaged when in or above water. (Stealth+)))
You have tentacles for arms and can constrict up to eight enemies at once.


Message History

As you read the scroll of revelation, it crumbles to dust.
You feel aware of your surroundings.
You sensed 1 altar.
Found a scale mail.
Found a stone staircase leading up.
Found a scroll labelled HIEXTA USAC.
c - a scroll labelled HIEXTA USAC An ufetubus comes into view.
Found a twisted copper ring.
Found 11 gold pieces.
g - a +4 ring of slaying
g - a +4 ring of slaying (left tentacle)
A gnoll comes into view. It is wielding a +0 halberd.
Found 7 gold pieces.
The gnoll shouts!
You hear a shout!
A gnoll comes into view. It is wielding a +0 club.
You see here 11 gold pieces.
You now have 11 gold pieces.
An ufetubus comes into view.
The ufetubus shouts!
A white imp comes into view.
An adder comes into view.
The ufetubus slips past you! The ufetubus misses you. The ufetubus hits you.
You closely miss the ufetubus.
The ufetubus shouts!
The adder hisses angrily.
You grab the ufetubus. You squeeze the ufetubus!
The ufetubus is severely wounded.
You constrict the ufetubus. The ufetubus closely misses you.
The ufetubus misses you. The ufetubus hits you. The ufetubus barely misses you.
You hit the ufetubus.
You kill the ufetubus!
The ufetubus misses you. x2
A gnoll comes into view.
It is wielding a +0 flail of holy wrath.
An ogre and a quokka come into view.
The gnoll shouts!
You hear a shout!
The ufetubus attacks as it pursues you! The ufetubus hits you.
The ufetubus hits you but does no damage.
The ufetubus attacks as it pursues you! The ufetubus completely misses you.
The ufetubus hits you. x2
* * * LOW HITPOINT WARNING * * *
The ufetubus hits you.
You die...

..##.....#####............,,*
#.......## ##.........#*,,,,*
#.##.#...###.........##*,,,**
,,*#*#..###..........##*,,**
,,,*##..##............#,,,**
,***#...#....#.......##*,,,*
,,,##.......##.......##**,**
,*.........####.......##,,,***
,####.......5S.5@.......,,,,,**
,***##........#..g..r....,,,,,*
,*,**#.....#####....O.....,,,**
,,,,.......#,**....g......**,*
,,*#........,,,....#g$..******
,,*.........,,....##..##*
,,,..##.....,,.#.##*,..#
,,*,,,#....,,..#..,,,,.#
,,,,,,,,,,*,,,,,.#***,**


You could see an ogre, 3 gnolls, an adder, a white imp, an ufetubus and a
quokka.

Vanquished Creatures
  An ufetubus (D:5)
1 creature vanquished.

Notes
Turn   | Place    | Note
-------+----------+-------------------------------------------
     0 | D:5      | Esekla the Octopode Delver began the quest for the Orb.
     0 | D:5      | Reached XP level 1. HP: 16/16 MP: 1/1
    74 | D:5      | Noticed an ogre
    75 | D:5      | Slain by an ufetubus

Illustrated notes

Levels and vault maps discovered:
D:5:      layout_cave_pools, mainiacjoe_overflow_surrounded_room, chequers_jeans

Action                     || total
---------------------------++-------
  Melee: Falchion          ||     2
         Constrict         ||     1
         Tentacles         ||     1
    Use: Scroll            ||     1
 Armour: Skin              ||     7
  Dodge: Dodged            ||     7
